 Dungeon Crawl Stone Soup version 0.27-a0-550-ge92ec0ca06 (webtiles) character file.

Game seed: 6408417000123873158

35 tatocazan the Sneak (level 3, -1/18 HPs)
             Began as a Vine Stalker Brigand on Mar 8, 2021.
             Slain by a gnoll (4 damage)
             ... on level 2 of the Dungeon.
             The game lasted 00:01:36 (1360 turns).

tatocazan the Sneak (Vine Stalker Brigand)          Turns: 1360, Time: 00:01:36

Health: -1/18      AC:  3    Str: 13    XL:     3   Next: 35%
Magic:  0/13       EV: 12    Int: 11    God:
Gold:   110        SH:  0    Dex: 16    Spells: 2/2 levels left

rFire    . . .     SeeInvis .   a - +2 dagger
rCold    . . .     Faith    .   (no shield)
rNeg     . . .     Spirit   +   b - +0 robe
rPois    .         Reflect  .   (no helmet)
rElec    .         Harm     .   c - +0 cloak
rCorr    .         Rampage  .   (no gloves)
Will     .....                  (no boots)
Stlth    +++.......             (no amulet)
HPRegen  0.06/turn              h - ring of magical power
MPRegen  0.13/turn              (no ring)

@: no status effects
A: fangs 2, magic shield, antimagic bite, no potion heal 3
a: no special abilities


You were on level 2 of the Dungeon.
You visited 1 branch of the dungeon, and saw 2 of its levels.

You collected 110 gold pieces.

Inventory:

Hand Weapons
 a - a +2 dagger (weapon)
Missiles
 d - 3 poisoned darts (quivered)
 e - 2 curare-tipped darts
Armour
 b - a +0 robe (worn)
 c - a +0 cloak (worn)
Jewellery
 h - a ring of magical power (left hand)
Scrolls
 i - 2 scrolls of identify {unknown}
 k - 2 scrolls of amnesia {unknown}
Potions
 f - a potion of attraction {unknown}
 g - a potion of resistance {unknown}
 j - 3 potions of curing {unknown}


   Skills:
 + Level 2.1 Fighting
 * Level 2.5 Short Blades
 - Level 1.7 Throwing
 + Level 1.2 Dodging
 + Level 5.1 Stealth


You had 2 spell levels left.
You didn't know any spells.
Your spell library was empty.

Dungeon Overview and Level Annotations

Branches:
Dungeon (2/15)

Altars:


Innate Abilities, Weirdness & Mutations

You have extremely sharp teeth.
When hurt, damage is shared between your health and your magic reserves.
Your bite disrupts and absorbs the magic of your enemies.
Potions cannot restore your health.


Message History

The gnoll misses you.
You hit the gnoll but do no damage. You bite the gnoll. You drain its power.
You feel invigorated.
The gnoll is severely wounded.
The gnoll looks more healthy.
You regained 2 mp, and now have 12/13 mp.
You barely miss the gnoll.
The gnoll is severely wounded.
The gnoll closely misses you.
You hit the gnoll but do no damage.
The gnoll is severely wounded.
The gnoll closely misses you.
You hit the gnoll.
You kill the gnoll!
The gnoll shouts!
The gnoll hits you but does no damage.
Things that are here:
a +0 halberd; a gnoll corpse You hit the gnoll.
The gnoll is moderately wounded.
The gnoll barely misses you. The gnoll hits you with a +0 spear.
You take 2 damage, and have 10/18 hp.
You now have 11/13 mp.
You are too injured to fight recklessly!
You are too injured to fight recklessly!
You are too injured to fight recklessly!
You are too injured to fight recklessly!
You are too injured to fight recklessly!
Throw: 4 darts (poison)
Press: ? - help, Q - select action, (/) - cycle Shift-Dir - straight line, f - gnoll
Aim: a gnoll (64% to hit)
You throw a poisoned dart. The poisoned dart hits the gnoll.
The gnoll hits you. The gnoll hits you with a +0 spear!
* * * LOW HITPOINT WARNING * * *
You take 5 damage, and have 5/18 hp.
MASSIVE DAMAGE!!
You now have 6/13 mp.
The gnoll hits you from afar with a +0 spear.
* * * LOW HITPOINT WARNING * * *
You take 2 damage, and have 3/18 hp.
You now have 2/13 mp.
There is a stone staircase leading down here.
The gnoll hits you.
You die...

#.# #. #.# .....
#. #.# ###.#.###
#. #.# ........ ..
#.# ###...# #. #.#
..#...# # #. #.#
#.....#.####.###.#
g..†.....(((()gg@#
.g.<....####.#####
######### #. ..
### . ..


You could see 2 gnolls.

Vanquished Creatures
  A gnoll (D:2)
  3 dart slugs
  A giant cockroach (D:1)
  A hobgoblin (D:1)
  2 ball pythons (D:1)
  5 bats
  2 frilled lizards (D:1)
  3 goblins (D:1)
  3 kobolds (D:1)
21 creatures vanquished.

Vanquished Creatures (others)
  2 plants (D:2)
2 creatures vanquished.

Grand Total: 23 creatures vanquished

Notes
Turn   | Place    | Note
-------+----------+-------------------------------------------
     0 | D:1      | tatocazan the Vine Stalker Brigand began the quest for the
                  | Orb.
     0 | D:1      | Reached XP level 1. HP: 11/11 MP: 2/2
   328 | D:1      | Reached skill level 1 in Dodging
   328 | D:1      | Reached XP level 2. HP: 15/15 MP: 3/3
   338 | D:1      | Reached skill level 5 in Stealth
  1193 | D:2      | Reached XP level 3. HP: 18/18 MP: 4/4
  1360 | D:2      | Slain by a gnoll

Illustrated notes

Levels and vault maps discovered:
D:1:      evilmike_arrival_grusome_pit, layout_basic, minmay_misc_feat_room
D:2:      minmay_evil_eye, layout_basic, fedhas_ov_isle_minmay,
          nicolae_hepliaklqana_hippocampus, chequers_serial_rivers_micro_c

Skill      XL: |  1  2 |
---------------+-------+-----
Short Blades   | 2 |  2.5
Dodging        | 1 |  1.2
Stealth        | 5 |  5.1
Fighting       | 2 |  2.1
Throwing       | |  1.7

Action                   || total
-------------------------++-------
Melee: Dagger            ||    56
       Bite              ||    11
Throw: Dart              ||     5
 Stab: Sleeping          ||     5
Armor: Robe              ||    20
Dodge: Dodged            ||    63

Table legend: (Time is in decaauts)
 A = Elapsed time spent in this place.
 B = Non-inter-level travel time spent in this place.
 C = Inter-level travel time spent in this place.
 D = Time resting spent in this place.
 E = Time spent auto-exploring this place.
 F = Levels seen in this place.
 G = Mean time per level.
                   A        B        C        D        E       F      G
               +--------+--------+--------+--------+--------+-----+--------+
         Total |   1355 |   1269 |     86 |    173 |    905 |   2 |  677.5 |
       Dungeon |   1355 |   1269 |     86 |    173 |    905 |   2 |  677.5 |
               +--------+--------+--------+--------+--------+-----+--------+

Top non-repeatable levels by time:
     D:1: 1243 daAuts
     D:2: 111 daAuts
